 Dungeon Crawl Stone Soup version 0.18-a0-1361-g9293dd1 (webtiles) character file.

48615 Kidiri the Thaumaturge (level 14, -4/110 HPs)
             Began as a Demonspawn Fire Elementalist on Feb 20, 2016.
             Was the Champion of Vehumet.
             Slain by a catoblepas (14 damage)
             ... on level 8 of the Lair of Beasts.
             The game lasted 01:54:40 (27566 turns).

Kidiri the Thaumaturge (DsFE)                      Turns: 27566, Time: 01:54:40

Health: -4/110     AC: 16    Str: 11    XL:     14   Next: 12%
Magic:  24/24      EV: 18    Int: 22    God:    Vehumet [******]
Gold:   1471       SH:  7    Dex: 21    Spells: 10 memorised, 5 levels left

rFire  + . .     SeeInvis +     X - +10 rapier of Zimotoza {venom, *Corrode rPois Stlth+}
rCold  + . .     Gourm    .     S - +3 leather armour
rNeg   . . .     Faith    .     Q - +1 buckler
rPois  +         Spirit   .     (helmet restricted)
rElec  +         Dismiss  .     d - +1 cloak
rCorr  .         Reflect  .     (gloves unavailable)
SustAt .         Harm     .     H - +3 pair of boots "Zis Kuit" {*Confuse +Fly Str+2 Slay+2}
MR     +....     Clarity  +     y - amulet of magic regeneration
Stlth  +++++.....               O - ring of fire
                                a - ring of Tiur Omu {rElec rC+ Dex+4 SInv}

@: somewhat resistant to hostile enchantments, quite stealthy
A: claws 3, horns 2, molten scales 2, camouflage 1, agile 2, berserk 1, blink,
clarity, cold resistance 1, demonic guardian 2, low mp 1, robust 1
a: Blink, Renounce Religion, Evoke Flight


You were on level 8 of the Lair of Beasts.
You worshipped Vehumet.
Vehumet was exalted by your worship.
You were not hungry.

You visited 3 branches of the dungeon, and saw 18 of its levels.
You also visited: Volcano.

You collected 1632 gold pieces.
You spent 161 gold pieces at shops.

Inventory:

Hand Weapons
 C - a +1 rapier of flaming
 X - the +10 rapier of Zimotoza (weapon) {venom, *Corrode rPois Stlth+}
   (You found it on level 2 of the Lair of Beasts)

   It poisons the flesh of those it strikes.
   It protects you from poison.
   It may corrode your equipment when you take damage.
   It makes you more stealthy.
Armour
 d - a +1 cloak (worn)
 h - a +2 leather armour of fire resistance
 u - a +2 pair of gloves of strength
 H - the +3 pair of boots "Zis Kuit" (worn) {*Confuse +Fly Str+2 Slay+2}
   (You found it on level 8 of the Dungeon)

   It affects your strength (+2).
   It affects your accuracy and damage with ranged weapons and melee attacks
   (+2).
   It lets you fly.
   It may confuse you when you take damage.
 Q - a +1 buckler (worn)
 S - a +3 leather armour (worn)
Jewellery
 a - the ring of Tiur Omu (left claw) {rElec rC+ Dex+4 SInv}
   (You found it on level 8 of the Dungeon)

   [ring of see invisible]

   It affects your dexterity (+4).
   It protects you from cold.
   It insulates you from electricity.
   It lets you see invisible.
 y - an amulet of magic regeneration (around neck)
 E - a +4 ring of protection
 O - a ring of fire (right claw)
Wands
 i - a wand of flame (10/48)
 k - a wand of random effects (35/48)
 l - a wand of lightning (5/15)
 o - a wand of disintegration (18/24)
 p - a wand of slowing (27/48)
 q - a wand of random effects (8/48)
 s - a wand of flame (27/48)
 D - a wand of digging (11/24)
 F - a wand of acid (11/15)
 G - a wand of iceblast (6/15)
 I - a wand of iceblast (9/15)
 K - a wand of teleportation (5/9)
 M - a wand of iceblast (5/15)
 N - a wand of enslavement (15/24)
 T - a wand of acid (9/15)
 U - a wand of flame (22/48)
Scrolls
 b - 2 scrolls of blinking
 j - a scroll of immolation
 m - a scroll of fog
 n - 3 scrolls of remove curse
 r - 6 scrolls of magic mapping
 v - 4 scrolls of amnesia
 z - 4 scrolls of teleportation
 B - a scroll of holy word
 P - 2 scrolls of fear
 W - 2 scrolls of recharging
Potions
 e - a potion of flight
 f - 3 potions of resistance
 g - 2 potions of cure mutation
 w - 4 potions of brilliance
 x - 3 potions of curing
 J - 2 potions of haste
 R - 4 potions of agility
 V - a potion of lignification
 Z - a potion of might
Books
 t - a book of the Dragon

   Spells                             Type                      Level
   a - Flame Tongue                   Conjuration/Fire             1
   b - Cause Fear                     Hexes                        4
   c - Bolt of Fire                   Conjuration/Fire             6
   d - Dragon Form                    Transmutation                7
   e - Dragon's Call                  Summoning                    9
 L - a book of Frost

   Spells                             Type                      Level
   a - Freeze                         Ice                          1
   b - Throw Frost                    Conjuration/Ice              2
   c - Ozocubu's Armour               Charms/Ice                   3
   d - Throw Icicle                   Conjuration/Ice              4
   e - Summon Ice Beast               Ice/Summoning                4
Comestibles
 c - 13 bread rations
 A - 7 meat rations
 Y - 2 chunks of flesh


   Skills:
 + Level 6.2 Fighting
 + Level 6.1 Short Blades
 * Level 6.4 Armour
 * Level 9.0 Dodging
 - Level 3.1 Stealth
 + Level 6.6 Shields
 * Level 9.1 Spellcasting
 * Level 8.4 Conjurations
 + Level 6.7 Hexes
 + Level 3.1 Transmutations
 + Level 6.6 Fire Magic
 + Level 4.6 Ice Magic
 + Level 4.9 Poison Magic
 + Level 5.3 Evocations


You had 5 spell levels left.
You knew the following spells:

 Your Spells              Type           Power        Failure   Level  Hunger
a - Flame Tongue          Conj/Fire      #####        1%          1    None
b - Throw Flame           Conj/Fire      ######       1%          2    None
c - Conjure Flame         Conj/Fire      ######..     1%          3    None
d - Inner Flame           Hex/Fire       ######..     1%          3    None
e - Sticky Flame          Conj/Fire      ######..     1%          4    ##.....
f - Fireball              Conj/Fire      ######....   3%          5    ####...
g - Sting                 Conj/Pois      ####         1%          1    None
h - Throw Frost           Conj/Ice       ###...       1%          2    None
i - Ignite Poison         Fire/Trmt/Pois #####...     1%          3    None
j - Delayed Fireball      Conj/Fire      N/A          88%         7    #######


Dungeon Overview and Level Annotations

Branches:
Dungeon (9/15)             Temple (1/1) D:6            Lair (8/8) D:9
  Swamp (0/4) Lair:5        Snake (0/4) Lair:4        Slime (0/6) Lair:8
    Orc: D:9-12

Altars:
Ashenzari
Cheibriados
Dithmenos
Elyvilon
Fedhas
Gozag
Kikubaaqudgha
Makhleb
Nemelex Xobeh
Okawaru
Pakellas
Qazlal
Ru
Sif Muna
Trog
Vehumet
Xom
Yredelemnul
Zin
The Shining One

Shops:
D:6 (%   D:7 [


Innate Abilities, Weirdness & Mutations

You have claws for hands.
You are mostly covered in molten scales (AC +3, EV -1).
Your flesh is cold resistant.
A demonic guardian rushes to your aid.
You have a pair of horns on your head.
Your skin changes colour to match your surroundings (Stealth).
You are very agile. (Dex +4)
You tend to lose your temper in combat.
You can translocate small distances at will.
You possess an exceptional clarity of mind.
Your magical capacity is low (-10% MP).
You are robust (+10% HP).


Message History

* * * LOW HITPOINT WARNING * * *
Your sixfirhy hits the ice devil but does no damage.
Your surroundings suddenly seem different.
Unknown command.
Some of the chunks of flesh in your inventory have rotted away.
Something disappears in a puff of smoke!
You open the gate.
A catoblepas comes into view.
Found a stone staircase leading up.
Unknown command.
The catoblepas gores you!
* * * LOW HITPOINT WARNING * * *
Your smoke demon hits the catoblepas but does no damage.
Your smoke demon hits the catoblepas.
Your smoke demon hits the catoblepas but does no damage.
There is an open gate, spattered with blood here.
You hit the catoblepas.
The catoblepas is poisoned.
The catoblepas is lightly wounded.
The catoblepas gores you!
You die...

..........PP.....................
P......<.P...♣#..................
.............♣♣♣.................
...........♣♣♣ ♣♣♣..♣♣♣♣........P
..........♣♣ ♣♣♣♣ ♣♣......P.
.........♣♣♣♣♣♣♣♣♣♣♣♣♣♣♣♣♣.....##
.........♣ ♣...........♣ ♣.P##.#
.........♣ ♣...........♣ ♣♣#####
.........♣♣♣..##@3'##..*
..........♣♣..#⌠.Y.⌠#,,*
......PP......#.....#,,*
P#...PPP......#..<..#,,*
##.###........#.....#,,*
*##*###.P.♣♣..#######,,*
#P..♣♣♣♣.....,,,,,,* ##...♣
♣.....,,,,,,* ##
#...♣♣♣♣♣♣♣♣♣******


You could see a catoblepas and a friendly smoke demon.

Vanquished Creatures
  Snorg (Lair:5)
  A fire dragon (Lair:2)
  2 hydras
  A catoblepas (Lair:4)
  3 death yaks (Lair:7)
  A sun demon (Lair:8)
  A wizard (Lair:8)
  A lindwurm (Volcano)
  A necromancer (Lair:2)
  11 elephants
  8 black mambas
  A sixfirhy (Lair:8)
  An orange demon (Lair:8)
  A centaur zombie (D:9)
  8 spiny frogs
  2 molten gargoyles (Volcano)
  3 ice devils (Lair:8)
  8 komodo dragons
  5 fire drakes
  A troll (D:9)
  A polar bear (Lair:7)
  16 blink frogs
  A spriggan (Lair:7)
  29 yaks
  3 basilisks
  4 fire bats (Volcano)
  A hungry ghost (D:8)
  A steam dragon (D:8)
  10 hippogriffs
  13 wolves
  A mottled dragon (Volcano)
  16 water moccasins
  18 porcupines
  An orc warrior (D:9)
  2 ice beasts
  3 black bears
  5 ogres
  A phantom (D:8)
  A sky beast (D:9)
  5 necrophages
  4 centaurs
  16 crocodiles
  3 big kobolds
  Blork the orc (D:5)
  11 giant frogs
  2 scorpions
  An electric eel (Lair:5)
  3 crimson imps
  5 hounds
  7 jellies
  A lava snake (Volcano)
  A gnoll shaman (D:4)
  Crazy Yiuf (D:7)
  4 orc priests
  9 orc wizards
  A giant frog skeleton (D:8)
  9 iguanas
  3 yak simulacra (Lair:2)
  Natasha (thrice) (D:3)
  8 worker ants
  4 polar bear simulacra (Lair:2)
  2 wolf simulacra (Lair:2)
  11 sheep
  A hound zombie (D:7)
  A hound skeleton (D:6)
  2 worker ant zombies
  14 gnolls
  14 adders
  63 river rats
  A shadow imp (D:6)
  An ooze (Lair:8)
  3 worms
  4 giant geckos
  28 orcs
  13 bats
  9 giant cockroaches
  39 goblins
  24 hobgoblins
  4 jackals (D:1)
  7 quokkas
  A giant gecko skeleton (D:9)
  8 giant newts
  22 kobolds
  A quokka zombie (D:6)
  5 rats
  2 river rat simulacra (Lair:2)
  A butterfly (Lair:3)
  A plant (Lair:2)
572 creatures vanquished.

Vanquished Creatures (collateral kills)
  A dire elephant (Lair:8)
  4 hydras
  A griffon (Lair:7)
  3 elephants
  A black mamba (Lair:7)
  A spiny frog (Lair:5)
  A komodo dragon (Lair:4)
  A fire drake (Lair:4)
  A blink frog (Lair:2)
  Eustachio (D:4)
  22 yaks
  2 wolves (Lair:6)
  A hell hound (Lair:8)
  2 water moccasins
  An ice beast (D:8)
  2 ogres
  2 gnolls (D:4)
  2 river rats
  3 orcs
52 creatures vanquished.

Vanquished Creatures (others)
  10 fungi
  13 plants (Lair:7)
23 creatures vanquished.

Grand Total: 647 creatures vanquished

Notes
Turn   | Place    | Note
--------------------------------------------------------------
     0 | D:1      | Kidiri the Demonspawn Fire Elementalist began the quest for the Orb.
     0 | D:1      | Reached XP level 1. HP: 13/13 MP: 3/3
   584 | D:1      | Gained mutation: You have sharp fingernails. [demonic ancestry]
   584 | D:1      | Reached XP level 2. HP: 19/19 MP: 3/5
   593 | D:1      | Learned a level 2 spell: Throw Flame
  1041 | D:1      | Gained mutation: You are agile. (Dex +2) [potion of mutation]
  1041 | D:1      | Gained mutation: You are very agile. (Dex +4) [potion of mutation]
  1311 | D:1      | Gained mutation: You are frail (-10% HP). [potion of mutation]
  1311 | D:1      | Gained mutation: You tend to lose your temper in combat. [potion of mutation]
  1311 | D:1      | Gained mutation: You possess an exceptional clarity of mind. [potion of mutation]
  1312 | D:1      | Gained mutation: You can translocate small distances at will. [potion of mutation]
  1312 | D:1      | Gained mutation: You have a pair of small horns on your head. [potion of mutation]
  1312 | D:1      | Gained mutation: You have sharp toenails. [potion of mutation]
  1484 | D:2      | Gained mutation: You have very sharp fingernails. [demonic ancestry]
  1484 | D:2      | Reached XP level 3. HP: 22/22 MP: 4/6
  1620 | D:2      | Learned a level 3 spell: Conjure Flame
  1904 | D:2      | Reached skill level 1 in Armour
  2458 | D:2      | Reached XP level 4. HP: 27/27 MP: 4/7
  2908 | D:3      | Reached skill level 1 in Short Blades
  3314 | D:3      | Noticed Natasha
  3322 | D:3      | Killed Natasha
  3322 | D:3      | Reached skill level 1 in Fighting
  3413 | D:3      | Reached skill level 3 in Fire Magic
  3413 | D:3      | Gained mutation: You are partially covered in molten scales (AC +1). [demonic ancestry]
  3413 | D:3      | Reached XP level 5. HP: 30/33 MP: 1/8
  3511 | D:2      | Learned a level 3 spell: Inner Flame
  3542 | D:3      | Noticed Natasha
  3547 | D:3      | Killed Natasha
  3822 | D:3      | Noticed Natasha
  3829 | D:3      | Killed Natasha
  4512 | D:3      | Found a shadowy altar of Dithmenos.
  4512 | D:3      | Found a sparkling altar of Nemelex Xobeh.
  4862 | D:3      | Reached XP level 6. HP: 38/38 MP: 5/10
  5193 | D:4      | Found a white marble altar of Elyvilon.
  5224 | D:4      | Reached skill level 1 in Hexes
  6355 | D:4      | Gained mutation: A weak demonic guardian rushes to your aid. [demonic ancestry]
  6355 | D:4      | Reached XP level 7. HP: 34/44 MP: 5/12
  7116 | D:4      | Learned a level 4 spell: Sticky Flame
  7456 | D:4      | Noticed Eustachio
  7489 | D:4      | Killed Eustachio
  7803 | D:4      | Reached skill level 4 in Dodging
  7803 | D:4      | Reached XP level 8. HP: 49/51 MP: 2/14
  8272 | D:5      | Entered Level 5 of the Dungeon
  8301 | D:5      | Noticed Blork the orc
  8318 | D:5      | Killed Blork the orc
  8451 | D:5      | Found a bloodstained altar of Trog.
  9344 | D:6      | Found a staircase to the Ecumenical Temple.
  9365 | Temple   | Entered the Ecumenical Temple
  9465 | Temple   | Became a worshipper of Vehumet
  9818 | D:6      | Found Nuvvazof's Food Shop.
 10101 | D:6      | Found Deseo's Antique Weapon Shop.
 10168 | D:6      | Reached skill level 5 in Dodging
 10318 | D:6      | Gained mutation: Your flesh is cold resistant. [demonic ancestry]
 10318 | D:6      | Reached XP level 9. HP: 57/57 MP: 13/16
 10563 | D:7      | Noticed Crazy Yiuf
 10570 | D:7      | Killed Crazy Yiuf
 10825 | D:7      | Found Comuusu's Armour Shop.
 10828 | D:7      | Bought a +1 pair of boots for 161 gold pieces
 10955 | D:7      | Reached skill level 5 in Spellcasting
 10980 | D:7      | Learned a level 5 spell: Fireball
 11478 | D:8      | Got a pair of ichor-stained boots
 11489 | D:8      | Identified the +3 pair of boots "Zis Kuit" {*Confuse +Fly Str+2 Slay+2} (You found it on level 8 of the Dungeon)
 11821 | D:8      | Reached * piety under Vehumet
 11821 | D:8      | Offered knowledge of Sting by Vehumet.
 11841 | D:8      | Reached skill level 1 in Evocations
 12001 | D:8      | Got a heavily runed silver ring
 12003 | D:8      | Identified the ring of Tiur Omu {rElec rC+ Dex+4 SInv} (You found it on level 8 of the Dungeon)
 12354 | D:8      | Learned a level 1 spell: Sting
 12889 | D:9      | Found a staircase to the Lair.
 13155 | D:9      | Reached skill level 6 in Dodging
 13179 | D:9      | Reached skill level 1 in Poison Magic
 13469 | D:9      | Offered knowledge of Magic Dart by Vehumet.
 13517 | D:9      | Reached skill level 1 in Shields
 13566 | D:9      | Reached ** piety under Vehumet
 13593 | D:9      | Reached skill level 5 in Fire Magic
 13593 | D:9      | Reached XP level 10. HP: 63/63 MP: 13/18
 13598 | D:9      | Gained mutation: You evolve. [mutagenic meat]
 13599 | D:9      | Lost mutation: You are frail (-10% HP). [mutagenic meat]
 13600 | D:9      | Gained mutation: Your magical capacity is low (-10% MP). [mutagenic meat]
 13601 | D:9      | Lost mutation: You have sharp toenails. [mutagenic meat]
 14092 | D:9      | Gained mutation: You are robust (+10% HP). [evolution]
 14260 | Lair:1   | Entered Level 1 of the Lair of Beasts
 14424 | Lair:1   | Noticed a black mamba
 14437 | Lair:1   | Killed a black mamba
 15271 | Lair:1   | Offered knowledge of Throw Frost by Vehumet.
 15275 | Lair:1   | Learned a level 2 spell: Throw Frost
 15468 | Lair:2   | Noticed a black mamba
 15477 | Lair:2   | Killed a black mamba
 15764 | Lair:2   | Reached skill level 5 in Conjurations
 15836 | Lair:2   | Reached skill level 5 in Hexes
 15849 | Lair:2   | Reached skill level 1 in Ice Magic
 16041 | Lair:2   | Reached *** piety under Vehumet
 16364 | Lair:2   | Reached XP level 11. HP: 85/85 MP: 8/18
 16458 | Lair:2   | Noticed an eight-headed hydra
 16466 | Lair:2   | Killed an eight-headed hydra
 16649 | Lair:2   | Offered knowledge of Ignite Poison by Vehumet.
 16770 | Lair:2   | Noticed a necromancer
 16784 | Lair:2   | Killed a necromancer
 16799 | Lair:2   | Got a fine rapier
 16800 | Lair:2   | Identified the +10 rapier of Zimotoza {venom, *Corrode rPois Stlth+} (You found it on level 2 of the Lair of Beasts)
 16896 | Lair:2   | Gained mutation: You have a pair of horns on your head. [evolution]
 17250 | Lair:2   | Noticed a fire dragon
 17265 | Lair:2   | Killed a fire dragon
 17265 | Lair:2   | Reached skill level 7 in Spellcasting
 17621 | Lair:2   | Learned a level 3 spell: Ignite Poison
 17797 | Lair:2   | Reached **** piety under Vehumet
 17986 | Lair:3   | Reached skill level 5 in Fighting
 18121 | Lair:3   | Offered knowledge of Iskenderun's Mystic Blast by Vehumet.
 18121 | Lair:3   | Reached skill level 1 in Transmutations
 18435 | Lair:3   | Reached skill level 5 in Armour
 18745 | Lair:3   | Reached ***** piety under Vehumet
 19212 | Lair:4   | Found a staircase to the Snake Pit.
 19231 | Lair:4   | Gained mutation: A demonic guardian rushes to your aid. [demonic ancestry]
 19231 | Lair:4   | Reached XP level 12. HP: 92/92 MP: 20/20
 19245 | Lair:4   | Reached skill level 5 in Short Blades
 19449 | Lair:4   | Offered knowledge of Delayed Fireball by Vehumet.
 19608 | Lair:4   | Gained mutation: Your skin changes colour to match your surroundings (Stealth). [evolution]
 19608 | Lair:4   | Lost mutation: You evolve. [end of evolution]
 19644 | Lair:4   | Noticed a catoblepas
 19658 | Lair:4   | Killed a catoblepas
 19814 | Lair:4   | Learned a level 7 spell: Delayed Fireball
 20357 | Lair:4   | Reached skill level 5 in Shields
 20749 | Lair:5   | Found a staircase to the Swamp.
 20905 | Lair:5   | Noticed a six-headed hydra
 20914 | Lair:5   | Killed a six-headed hydra
 21002 | Lair:5   | Found a deep blue altar of Sif Muna.
 21019 | Lair:5   | Noticed Snorg
 21025 | Lair:5   | Killed Snorg
 21754 | Lair:6   | Reached skill level 8 in Spellcasting
 22994 | Lair:7   | Noticed a five-headed hydra
 23006 | Lair:7   | Killed a five-headed hydra
 23031 | Lair:7   | Gained mutation: You are mostly covered in molten scales (AC +3, EV -1). [demonic ancestry]
 23031 | Lair:7   | Reached XP level 13. HP: 74/100 MP: 22/22
 25309 | Lair:8   | Entered Level 8 of the Lair of Beasts
 25389 | Lair:8   | Reached skill level 5 in Evocations
 25400 | Lair:8   | Found a dark tunnel.
 25405 | Volcano  | Entered a volcano
 25756 | Volcano  | Found a bloodstained altar of Trog.
 26241 | Volcano  | Got a smoking spear
 26303 | Lair:8   | Found a staircase to the Slime Pits.
 26427 | Lair:8   | Reached ****** piety under Vehumet
 26431 | Lair:8   | Offered knowledge of Spellforged Servitor by Vehumet.
 27271 | Lair:8   | Reached skill level 9 in Spellcasting
 27283 | Lair:8   | Gained mutation: You have claws for hands. [demonic ancestry]
 27283 | Lair:8   | Reached XP level 14. HP: 92/108 MP: 24/24
 27476 | Lair:8   | Found a burning altar of Makhleb.
 27566 | Lair:8   | Slain by a catoblepas

Vault maps used:
D:1:      dpeg_arrival_leaves_temple_mockup, minivault_14, roderic_lattice_a
D:3:      gammafunk_temple_overflow_pools, uniq_natasha
D:4:      minmay_goblin_kobold_castle, first_bread, kennysheep_flooded_box,
          uniq_eustachio
D:5:      basic_altar, uniq_blork_the_orc
D:6:      minmay_temple_entry_junction, serial_shops, nicolae_shop_behind_doors,
          nicolae_shop_crystal, kennysheep_generic_room_15
D:7:      serial_shops, kennysheep_mini, grunt_ogre_cave, supply_closet_lemuel,
          uniq_crazy_yiuf_cottage
D:8:      grunt_ministairs_15
D:9:      lair_0_dummy, hangedman_glass_teeth
Temple:   kilobyte_greek_temple_18
Lair:2:   dragon1_lemuel, eino_house_with_fridge, grunt_megastairs_5
Lair:3:   st_stairs_5, bh_chokoban, roderic_carrion_pond, lemuel_fruit_fields
Lair:4:   dummy_snake_entry, lemuel_fruit_fields
Lair:5:   swamp_mist_pool, basic_altar, grunt_megastairs_1,
          serial_bayou_shore_a, infiniplex_staircase_pool, uniq_snorg
Lair:7:   serial_forest, infiniplex_forest_end_1, infiniplex_forest_zigzag_2,
          infiniplex_forest_join, infiniplex_forest_end_2,
          infiniplex_forest_lined_room_3, infiniplex_forest_diagonal,
          infiniplex_forest_lined_ring, infiniplex_forest_lined_room_,
          serial_bayou_pond_e, grunt_forest_large_clearing_hut
Lair:8:   evil_forest, nicolae_slime_entry_slimehenge, enter_volcano_4,
          bh_autumn_forest_stairs
Volcano:  volcano_lake

Action                   |  1- 3 |  4- 6 |  7- 9 | 10-12 | 13-15 || total
-------------------------+-------+-------+-------+-------+-------++-------
Melee: Unarmed           |    22 |       |       |       |       ||    22
       Short sword       |    21 |     1 |       |       |       ||    22
       Dagger            |    11 |       |       |       |       ||    11
       Rapier            |       |    52 |    71 |   324 |   263 ||   710
Throw: Throwing net      |     1 |     3 |       |       |       ||     4
       Tomahawk          |       |    16 |    11 |       |       ||    27
 Cast: Flame Tongue      |    59 |   104 |   195 |   286 |    80 ||   724
       Throw Flame       |     9 |    14 |    97 |   100 |    18 ||   238
       Conjure Flame     |       |    13 |     9 |     7 |     5 ||    34
       Inner Flame       |       |     9 |    14 |     6 |     1 ||    30
       Sticky Flame      |       |       |    15 |    25 |    17 ||    57
       Fireball          |       |       |     1 |    16 |    12 ||    29
       Sting             |       |       |       |     4 |     1 ||     5
       Ignite Poison     |       |       |       |     2 |     1 ||     3
       Throw Frost       |       |       |       |     4 |    26 ||    30
 Abil: Evoke Flight      |       |       |       |     2 |     1 ||     3
  Use: Scroll            |     4 |     1 |    19 |    12 |     3 ||    39
       Potion            |     3 |     1 |       |     3 |     5 ||    12
 Stab: Sleeping          |     2 |     6 |     5 |    11 |    12 ||    36
       Distracted        |       |     1 |     2 |     8 |     4 ||    15
  Eat: Chunk             |     6 |    15 |    17 |    17 |     7 ||    62
       Fruit             |       |       |     2 |    12 |     8 ||    22
       Beef jerky        |       |       |     2 |     9 |       ||    11
       Pizza             |       |       |     1 |     1 |       ||     2
       Meat ration       |       |       |     1 |       |     1 ||     2
       Royal jelly       |       |       |     1 |       |       ||     1
